 Dungeon Crawl Stone Soup version 0.27.1-33-g824d729ab1 (webtiles) character file.

Game seed: 3589598142655722304

2450 potato4science the Covert (level 9, -1/49 (52) HPs)
             Began as a Kobold Enchanter on Dec 24, 2021.
             Was a Priest of Okawaru.
             Slain by a wight (7 damage)
             ... on level 9 of the Dungeon.
             The game lasted 00:31:46 (10178 turns).

potato4science the Covert (Kobold Enchanter)       Turns: 10178, Time: 00:31:46

HP:   -1/49 (52)    AC: 10    Str:  9    XL:     9   Next: 78%
MP:   1/15          EV: 18    Int: 16    God:    Okawaru [***...]
Gold: 492           SH:  0    Dex: 21    Spells: 7/16 levels left

rFire    . . .     SeeInvis .   h - +2 dagger (venom)
rCold    . . .     Faith    .   (shield restricted)
rNeg     . . .     Spirit   .   I - +0 steam dragon scales
rPois    .         Reflect  .   F - +0 helmet
rElec    .         Harm     .   (no cloak)
rCorr    .         Rampage  .   (no gloves)
Will     .....                  (no boots)
Stlth    +++++.....             (no amulet)
HPRegen  0.16/turn              v - +6 ring of dexterity
MPRegen  0.14/turn              x - +4 ring of protection

@: confusing by touch, drained
A: small, no large weapons, nightstalker 3
a: Renounce Religion, Heroism


You were on level 9 of the Dungeon.
You worshipped Okawaru.
Okawaru was most pleased with you.
You visited 2 branches of the dungeon, and saw 10 of its levels.

You collected 492 gold pieces.

Inventory:

Hand Weapons
 a - a +1 dagger
 h - a +2 dagger of venom (weapon)
Missiles
 d - 7 boomerangs
 o - 16 poisoned darts
 D - 2 throwing nets
 E - 3 silver boomerangs
Armour
 F - a +0 helmet (worn)
 I - +0 steam dragon scales (worn)
Magical Staves
 z - a staff of death
Jewellery
 g - a ring of flight
 j - a ring of protection from fire
 v - a +6 ring of dexterity (left hand)
 x - a +4 ring of protection (right hand)
 y - a ring of resist corrosion
 B - a ring of wizardry
Wands
 f - a wand of flame (12)
 s - a wand of mindburst (6)
 G - a wand of acid (19)
Scrolls
 b - a scroll of blinking {unknown}
 l - 2 scrolls of enchant weapon {unknown}
 n - 2 scrolls of silence {unknown}
 p - 2 scrolls of torment {unknown}
 r - 2 scrolls of amnesia {unknown}
 t - a scroll of immolation {unknown}
 u - 3 scrolls of teleportation {unknown}
 w - a scroll of magic mapping
 C - a scroll of acquirement {unknown}
Potions
 c - a potion of brilliance
 e - 2 potions of cancellation
 i - a potion of mutation
 k - 7 potions of curing
 m - a potion of degeneration {unknown}
 q - a potion of heal wounds {unknown}
 A - a potion of berserk rage {unknown}
 H - a potion of resistance {unknown}


   Skills:
 - Level 4.0 Fighting
 - Level 6.0 Short Blades
 - Level 2.0 Armour
 - Level 5.0 Dodging
 - Level 8.0 Stealth
 - Level 2.0 Shields
 - Level 4.0 Spellcasting
 - Level 3.0 Conjurations
 - Level 4.0 Hexes
 - Level 4.0 Ice Magic
 - Level 3.0 Invocations
 + Level 3.9 Evocations


You had 7 spell levels left.
You knew the following spells:

 Your Spells              Type           Power      Damage    Failure   Level
a - Corona                Hex            17%        N/A       3%          1
b - Ensorcelled Hibernat  Hex/Ice        32%        N/A       4%          2
c - Confusing Touch       Hex            16%        N/A       10%         3
d - Dazzling Flash        Conj/Hex       28%        N/A       12%         3

Your spell library contained the following spells:

 Spells                   Type           Power      Damage    Failure   Level
 Tukima's Dance           Hex            16%        N/A       10%         3
 Sublimation of Blood     Necr           1%         N/A       26%         2
 Animate Dead             Necr           1%         N/A       86%         4
 Petrify                  Tmut/Erth      3%         N/A       86%         4
 Irradiate                Conj/Tmut      4%         3d15      94%         5
 Borgnjor's Vile Clutch   Necr/Erth      1%         N/A       99%         5
 Death Channel            Necr           1%         N/A       100%        6


Dungeon Overview and Level Annotations

Branches:
Dungeon (9/15)             Temple (1/1) D:5
   Lair: D:8-11         Orc: D:9-12

Altars:
Ashenzari
Cheibriados
Dithmenos
Elyvilon
Fedhas
Gozag
Hepliaklqana
Kikubaaqudgha
Makhleb
Nemelex Xobeh
Okawaru
Qazlal
Ru
Sif Muna
Trog
Uskayaw
Vehumet
Xom
Yredelemnul
Zin
The Shining One

Annotations:
D:5 2 transporters, Cheops's ghost, novice FoAK


Innate Abilities, Weirdness & Mutations

You are small and have problems with some larger weapons.
You are completely attuned to the shadows.


Message History

You open the door. 4 wights come into view.
A wight is wielding a +4 morningstar of freezing.
Found three items.
There is an open door here.
The helpless wight fails to defend itself.
You spit the wight like a pig!!!
You destroy the wight!
Okawaru accepts your kill. The wight completely misses you.
The wight completely misses you. x2
The wight barely misses you.
You hit the wight but do no damage.
Casting: Dazzling Flash (dangerous; 12% risk of failure)
Press: ? - help, Q - select action, (/) - cycle Dir - look around, f - activate The wight completely misses you.
The wight closely misses you. The wight barely misses you.
Casting: Dazzling Flash (dangerous; 12% risk of failure)
Press: ? - help, Q - select action, (/) - cycle Dir - look around, f - activate The wight barely misses you.
The wight closely misses you. x2
Casting: Dazzling Flash (dangerous; 12% risk of failure)
Press: ? - help, Q - select action, (/) - cycle Dir - look around, f - activate The wight barely misses you.
The wight misses you.
Casting: Dazzling Flash (dangerous; 12% risk of failure)
Press: ? - help, Q - select action, (/) - cycle Dir - look around, f - activate The wight closely misses you. x2; The wight completely misses you.
Casting: Confusing Touch (dangerous; 10% risk of failure)
Press: ? - help, Q - select action, (/) - cycle Dir - look around, f - activate Your hands begin to glow red.
The wight hits you with a +4 morningstar of freezing!
You feel drained. The wight freezes you. The wight hits you but does no damage.
The wight hits you from afar with a +1 halberd!
The wight hits you with a +4 morningstar of freezing!
You feel drained. The wight freezes you. The wight closely misses you.
The wight hits you from afar with a +1 halberd!
* * * LOW HITPOINT WARNING * * *
There is an open door, spattered with blood here.
There is an open door here.
The wight hits you with a +4 morningstar of freezing!
You die...

#..)....# ###'#####
##..# #..## #z##
#.## ##'######
.....# #z......#
......# #z......#
.^....### #@......+
.......[###.......#
......#.[.'.......#
......#####.......#
####.## #########
###..# ###...##
#...### ####'####


You could see 3 wights.

Vanquished Creatures
  A steam dragon (D:9)
  4 water moccasins
  2 sky beasts
  A necrophage (D:7)
  3 black bears
  An ogre (D:5)
  A bullfrog (D:7)
  2 scorpions
  A water moccasin zombie (D:7)
  4 wights
  2 howler monkeys (D:7)
  A bullfrog zombie (D:7)
  A centaur zombie (D:8)
  2 centaur skeletons
  5 jellies
  3 hounds
  4 iguanas
  4 orc wizards
  A hound skeleton (D:5)
  A howler monkey skeleton (D:5)
  4 gnolls (D:7)
  7 adders
  A shadow imp (D:8)
  A white imp (D:6)
  2 ufetubi
  An adder skeleton (D:4)
  3 worms
  3 dart slugs
  9 orcs
  7 ball pythons
  7 bats
  2 endoplasms
  2 giant cockroaches
  4 goblins
  5 hobgoblins
  A jackal (D:3)
  4 kobolds
  3 quokkas
  A frilled lizard (D:2)
  7 rats
118 creatures vanquished.

Notes
Turn   | Place    | Note
-------+----------+-------------------------------------------
     0 | D:1      | potato4science the Kobold Enchanter began the quest for the
                  | Orb.
     0 | D:1      | Reached XP level 1. HP: 10/10 MP: 3/3
   281 | D:1      | Reached XP level 2. HP: 15/15 MP: 5/5
   417 | D:1      | Learned a level 2 spell: Ensorcelled Hibernation
   473 | D:1      | Reached skill level 5 in Stealth
   934 | D:2      | Reached skill level 1 in Ice Magic
   934 | D:2      | Reached skill level 1 in Fighting
   934 | D:2      | Reached XP level 3. HP: 13/20 MP: 1/6
  1258 | D:2      | Reached skill level 1 in Armour
  1314 | D:2      | Reached XP level 4. HP: 22/25 MP: 0/7
  2035 | D:3      | Found a basalt altar of Yredelemnul.
  2035 | D:3      | Found an opulent altar of Gozag.
  2829 | D:4      | Noticed a black bear
  2832 | D:4      | Killed a black bear
  2833 | D:4      | Reached XP level 5. HP: 30/30 MP: 8/8
  3179 | D:4      | Reached XP level 6. HP: 36/36 MP: 9/9
  3281 | D:4      | Found a shimmering altar of Xom.
  4465 | D:4      | Found a shimmering altar of Xom.
  4727 | D:5      | Entered Level 5 of the Dungeon
  4903 | D:5      | Reached XP level 7. HP: 41/41 MP: 10/10
  5209 | D:5      | Reached skill level 6 in Stealth
  5373 | D:5      | Found a transporter.
  5376 | D:5      | Noticed Cheops's ghost (novice FoAK)
  5387 | D:5      | Found a transporter.
  5625 | D:5      | Found a staircase to the Ecumenical Temple.
  5631 | Temple   | Entered the Ecumenical Temple
  5910 | Temple   | Became a worshipper of Warmaster Okawaru
  5963 | D:5      | Reached skill level 1 in Evocations
  5967 | D:5      | Learned a level 3 spell: Confusing Touch
  5971 | D:5      | Learned a level 3 spell: Dazzling Flash
  6879 | D:6      | Reached skill level 1 in Conjurations
  7020 | D:6      | Noticed a water moccasin
  7024 | D:6      | Killed a water moccasin
  7025 | D:6      | Reached XP level 8. HP: 46/46 MP: 12/12
  7079 | D:6      | Reached * piety under Okawaru
  7080 | D:6      | Reached skill level 5 in Short Blades
  7501 | D:6      | Reached skill level 7 in Stealth
  7753 | D:6      | Reached skill level 5 in Dodging
  7807 | D:6      | Reached ** piety under Okawaru
  8166 | D:7      | Reached XP level 9. HP: 52/52 MP: 13/13
  8262 | D:7      | Reached skill level 8 in Stealth
  9599 | D:8      | Reached skill level 1 in Shields
  9714 | D:8      | Reached *** piety under Okawaru
  9794 | D:8      | Found a bloodstained altar of Trog.
 10178 | D:9      | Slain by a wight

Illustrated notes

Levels and vault maps discovered:
D:1:      eino_arrival_cavern_b, layout_loops_ring,
          chequers_serial_rivers_micro_b
D:2:      layout_loops_ring, dk_noncrumbling_3, minmay_pentomino_x2
D:3:      layout_loops_ring, jmf_multi_god_temple
D:4:      layout_basic, lemuel_tele_altar, minmay_checkerbox
D:5:      layout_loops_ring, temple_statues, gammafunk_ghost_smash
D:6:      layout_cave_pods
D:7:      layout_basic, ebering_dispersal_statue_hall
D:8:      layout_cave_pools, mainiacjoe_overflow_paths, kennysheep_cross_room
D:9:      layout_roguey, dpeg_oklobed_lair, orc_0_dummy, special_room
          [special_room_orc], uniq_harold
Temple:   minmay_temple_bridge_d

Skill      XL: |  1  2  3  4  5  6  7  8  9 |
---------------+----------------------------+-----
Stealth        | 5 6 7 8 |  8.0
Ice Magic      | 1 2 3 4 |  4.0
Fighting       | 1 2 3 4 |  4.0
Short Blades   | 2 4 6 |  6.0
Armour         | 1 2 |  2.0
Dodging        | 3 4 5 |  5.0
Spellcasting   | 3 4 |  4.0
Evocations     | 2 3 |  3.9
Conjurations   | 2 3 |  3.0
Invocations    | 2 3 |  3.0
Hexes          | 4 |  4.0
Shields        | 2 |  2.0

Action                   |  1- 3 |  4- 6 |  7- 9 || total
-------------------------+-------+-------+-------++-------
Melee: Dagger            |    30 |    83 |   112 ||   225
 Cast: Ensorcelled Hiber |     9 |    31 |    39 ||    79
       Confusing Touch   |       |       |     4 ||     4
       Dazzling Flash    |       |       |     5 ||     5
  Use: Scroll            |       |     5 |     2 ||     7
       Potion            |       |     1 |       ||     1
 Stab: Sleeping          |    23 |    31 |    41 ||    95
       Distracted        |       |     1 |     1 ||     2
       Confused          |       |       |     2 ||     2
       Invisible         |       |       |     2 ||     2
Armor: Robe              |     2 |    10 |    14 ||    26
       Steam dragon scal |       |       |     1 ||     1
Dodge: Dodged            |    10 |    79 |    97 ||   186
